 Dungeon Crawl Stone Soup version 0.29.1-4-g47bece8355 (webtiles) character file.

Game seed: 2723877028196198764

34 KittyFluff the Trooper (level 3, -8/36 HPs)
             Began as a Gargoyle Berserker on Dec 2, 2022.
             Was a Follower of Trog.
             Mangled by Terence
             ... wielding a +0 morningstar
              (10 damage)
             ... on level 2 of the Dungeon.
             The game lasted 00:03:49 (1212 turns).

KittyFluff the Trooper (Gargoyle Berserker)         Turns: 1212, Time: 00:03:49

Health: -8/36      AC:  5    Str: 20    XL:     3   Next: 31%
Magic:  3/3        EV: 12    Int:  7    God:    Trog [*.....]
Gold:   23         SH:  0    Dex: 11    Spells: 2/2 levels left

rFire   . . .      SeeInvis .   a - +0 mace
rCold   . . .      Faith    .   (no shield)
rNeg    + . .      Spirit   .   b - +0 animal skin
rPois   ∞          Reflect  .   (no helmet)
rElec   +          Harm     .   (no cloak)
rCorr   .          Rampage  .   (no gloves)
Will    .....                   (no boots)
Stlth   ..........              (no amulet)
HPRegen 0.12/turn               (no ring)
MPRegen 0.08/turn               (no ring)

@: berserking, very quick
A: sickness immunity, AC +3, negative energy resistance 1, electricity
resistance, torment resistance 1, petrification resistance
a: Renounce Religion, Berserk


You were on level 2 of the Dungeon.
You worshipped Trog.
Trog was aware of your devotion.
You visited 1 branch of the dungeon, and saw 2 of its levels.

You collected 23 gold pieces.

Inventory:

Hand Weapons
 a - a +0 mace (weapon)
Missiles
 e - 14 stones (quivered)
Armour
 b - a +0 animal skin (worn)
Scrolls
 d - a scroll of amnesia {unknown}
 f - a scroll of identify {unknown}
Potions
 c - 2 potions of might {unknown}


   Skills:
 + Level 3.6 Fighting
 + Level 3.5 Maces & Flails
 * Level 2.5 Armour
 + Level 1.9 Dodging


You had 2 spell levels left.
You didn't know any spells.
Your spell library was empty.

Dungeon Overview and Level Annotations

Branches:
Dungeon (2/15)

Altars:

Annotations:
D:2 Terence


Innate Abilities, Weirdness & Mutations

You are immune to sickness and miasma.
Your stone body is resilient. (AC +3)
You are immune to poison.
You resist negative energy. (rN+)
You are resistant to electric shocks. (rElec)
You are resistant to unholy torment.
You are immune to petrification.


Message History

You kill the bat!
Trog accepts your kill.
Terence bares his teeth.
You hit Terence.
Terence is moderately wounded.
Terence barely misses you.
You hit Terence but do no damage.
Terence is moderately wounded.
Terence hits you with a +0 morningstar!
The teleport trap disappears.
The orc disappears!
Terence hits you but does no damage.
You hit Terence.
Terence is moderately wounded.
Terence hits you but does no damage.
You hit Terence but do no damage.
Terence is moderately wounded.
Terence hits you with a +0 morningstar!
You completely miss Terence.
Terence is moderately wounded.
Terence asks, "Do you want it fast or slow?"
Terence hits you with a +0 morningstar!
* * * LOW HITPOINT WARNING * * *
A red film seems to cover your vision as you go berserk!
You feel yourself moving faster!
You feel mighty! Terence shouts, "Now you die!" Terence barely misses you.
You hit Terence.
Terence is heavily wounded.
Terence closely misses you.
You barely miss Terence.
Terence is heavily wounded.
Terence closely misses you.
You hit Terence.
Terence is severely wounded.
Terence closely misses you.
You barely miss Terence.
Terence is severely wounded.
You hit Terence.
Terence is almost dead.
Terence hits you with a +0 morningstar!
You die...

#######
##.....#..@..#
##........@.>..#
#...............#
#.............[.#
#................#
#.................!
#..................
#.<...[............
##........


You could see Terence.

Vanquished Creatures
  A dart slug (D:1)
  A ball python (D:1)
  7 bats
  3 endoplasms (D:1)
  2 goblins (D:1)
  4 hobgoblins (D:1)
  A quokka (D:1)
  4 frilled lizards
  4 kobolds (D:1)
  2 rats (D:1)
29 creatures vanquished.

Notes
Turn   | Place    | Note
-------+----------+-------------------------------------------
     0 | D:1      | KittyFluff the Gargoyle Berserker began the quest for the
                  | Orb.
     0 | D:1      | Reached XP level 1. HP: 14/14 MP: 1/1
   123 | D:1      | Reached XP level 2. HP: 11/19 MP: 2/2
   834 | D:1      | Reached XP level 3. HP: 23/23 MP: 3/3
   873 | D:1      | Found a faded altar of an unknown god.
  1166 | D:2      | Noticed Terence
  1206 | D:2      | HP: 1/24 [Terence/+0 morningstar (9)]
  1212 | D:2      | Mangled by Terence

Illustrated notes

Levels and vault maps discovered:
D:1:      eino_arrival_cavern_b, layout_loops_ring,
          hellmonk_ecumenical_altar_inner_sanctum, serial_aquarium,
          aquarium_bridge_long_separate [aquarium_subvault_window,
          aquarium_subvault_bridge, aquarium_subvault_wall,
          aquarium_subvault_bridge, aquarium_subvault_bridge,
          aquarium_subvault_bridge], aquarium_window_1, aquarium_window_2,
          aquarium_window_fake, aquarium_window_fake, aquarium_view_2f,
          aquarium_view_2b
D:2:      layout_rooms, uniq_terence

Action                   || total
-------------------------++-------
Melee: Mace              ||    77
Invok: Berserk           ||     1
 Stab: Sleeping          ||     1
Armor: Animal skin       ||    22
Dodge: Dodged            ||    55
